 Dungeon Crawl Stone Soup version 0.30-a0-723-gc1506a1cf0 (webtiles) character file.

Game seed: 6736680342230963906

190 Hamu the Firebug (level 5, -2/38 HPs)
             Began as a Demonspawn Fire Elementalist on Jan 28, 2023.
             Killed by nerve-wracking pain
             ... invoked by an orc priest
              (14 damage)
             ... on level 3 of the Dungeon.
             The game lasted 00:04:06 (3213 turns).

Hamu the Firebug (Demonspawn Fire Elementalist)     Turns: 3213, Time: 00:04:06

Health: -2/38      AC:  7    Str:  9    XL:     5   Next: 41%
Magic:  0/9        EV: 12    Int: 18    God:
Gold:   81         SH:  0    Dex: 13    Spells: 3/9 levels left

rFire   . . .      SeeInvis .    g - +0 dagger (heavy)
rCold   . . .      Faith    .    (no shield)
rNeg    . . .      Spirit   .    k - +0 leather armour
rPois   .          Reflect  .    (no helmet)
rElec   .          Harm     .    a - +0 cloak
rCorr   .          Rampage  .    (no gloves)
Will    .....                    (no boots)
Stlth   ++                       (no amulet)
HPRegen 0.26/turn                (no ring)
MPRegen 0.11/turn                (no ring)

@: very slightly contaminated
A: yellow scales 2, ignite blood 1
a: no special abilities


You were on level 3 of the Dungeon.
You visited 1 branch of the dungeon, and saw 3 of its levels.

You collected 81 gold pieces.

Inventory:

Hand Weapons
 g - a +0 heavy dagger (weapon)
Missiles
 s - a throwing net
Armour
 a - a +0 cloak (worn)
 k - a +0 leather armour (worn)
Jewellery
 e - a ring of poison resistance
 j - a ring of positive energy
Scrolls
 c - a scroll of brand weapon
 d - a scroll of blinking
 f - 2 scrolls of fog
 m - a scroll of magic mapping
 n - 2 scrolls of acquirement {unknown}
 o - 2 scrolls of enchant armour {unknown}
 p - a scroll of vulnerability {unknown}
 r - a scroll of identify {unknown}
Potions
 h - a potion of flight {unknown}
 i - a potion of might {unknown}
 l - a potion of lignification {unknown}
 q - a potion of heal wounds {unknown}
 t - 2 potions of curing {unknown}
 u - a potion of invisibility {unknown}
 v - a potion of mutation {unknown}


   Skills:
 + Level 1.7 Fighting
 + Level 2.6 Dodging
 - Level 3.0 Stealth
 + Level 2.8 Spellcasting
 + Level 2.1 Conjurations
 + Level 3.3 Fire Magic


You had 3 spell levels left.
You knew the following spells:

 Your Spells              Type           Power      Damage    Failure   Level
a - Foxfire               Conj/Fire      48%        2x1d6     8%          1
b - Scorch                Fire           28%        2d6       9%          2
c - Inner Flame           Hex/Fire       8%         N/A       34%         3

Your spell library contained the following spells:

 Spells                   Type           Power      Damage    Failure   Level
 Kindle Blastsparks       Fire/Tloc/Air  12%        2d11      41%         3
 Flame Wave               Conj/Fire      12%        2d6       58%         4


Dungeon Overview and Level Annotations

Branches:
Dungeon (3/15)

Altars:


Innate Abilities, Weirdness & Mutations

You are mostly covered in yellow scales. (AC +3)
Your demonic aura sometimes causes spilled blood to erupt in flames.


Message History

The orc priest misses you.
Casting: Foxfire (safe; 9% risk of failure)
Confirm with . or Enter, or press ? or * to list all spells.
Flames lash the hound.
You kill the hound!
You hear a shout!
The orc hits you but does no damage.
The orc priest hits you but does no damage.
Casting: Scorch (safe; 9% risk of failure)
Confirm with . or Enter, or press ? or * to list all spells.
Flames lash the orc priest.
The orc priest is heavily wounded.
The orc priest's fire resistance burns away.
The orc closely misses you. The orc priest barely misses you.
Casting: Scorch (safe; 9% risk of failure)
Confirm with . or Enter, or press ? or * to list all spells.
Flames lash the orc.
The orc is heavily wounded.
The orc's fire resistance burns away.
An orc comes into view. It is wielding a +0 club.
The orc barely misses you.
The orc priest begins to cast a cantrip, but forgets the words!
Casting: Scorch (safe; 9% risk of failure)
Confirm with . or Enter, or press ? or * to list all spells.
Flames lash the orc priest but do no damage.
The orc misses you. The orc priest misses you.
Casting: Scorch (safe; 9% risk of failure)
Confirm with . or Enter, or press ? or * to list all spells.
You don't have enough magic to cast this spell.
Casting: Scorch (safe; 9% risk of failure)
Confirm with . or Enter, or press ? or * to list all spells.
You don't have enough magic to cast this spell.
Casting: Scorch (safe; 9% risk of failure)
Confirm with . or Enter, or press ? or * to list all spells.
You conjure some foxfire!
A giant cockroach comes into view.
The orc misses you.
The orc priest calls down the wrath of Beogh upon you.
Pain shoots through your body!
You die...

..........
.........#
#........#
##........#.
+####...........#
................#
......ov........#
..o.)..@...)....#
B####.vo$.......# .
#...........# .
..#...........# .
..........####.# .
............###.##.#
.
...........#)......#
.>
...#.......#.##.####
.# ...#.......#.##.#


You could see an orc priest (combustible, ally target), 2 orcs and a giant
cockroach.

Vanquished Creatures
  A hound (D:3)
  Jessica (D:3)
  4 gnolls (D:3)
  An adder (D:2)
  2 worms (D:2)
  A dart slug (D:1)
  5 orcs
  5 bats
  4 endoplasms
  4 giant cockroaches
  6 goblins
  4 hobgoblins
  11 jackals
  4 kobolds
  4 quokkas (D:1)
  3 ball pythons
  4 frilled lizards
  6 rats
70 creatures vanquished.

Vanquished Creatures (others)
  113 foxfires
113 creatures vanquished.

Grand Total: 183 creatures vanquished

Notes
Turn   | Place    | Note
-------+----------+-------------------------------------------
     0 | D:1      | Hamu the Demonspawn Fire Elementalist began the quest for
                  | the Orb.
     0 | D:1      | Reached XP level 1. HP: 13/13 MP: 3/3
   171 | D:1      | Gained mutation: You are partially covered in yellow
                  | scales. (AC +2) [demonic ancestry]
   171 | D:1      | Reached XP level 2. HP: 19/19 MP: 1/5
   615 | D:1      | Reached XP level 3. HP: 17/25 MP: 0/6
  1073 | D:1      | Learned a level 2 spell: Scorch
  1160 | D:1      | Learned a level 3 spell: Inner Flame
  1595 | D:3      | Noticed Jessica
  1598 | D:3      | Killed Jessica
  1599 | D:3      | Reached skill level 1 in Fighting
  1599 | D:3      | Gained mutation: Your demonic aura sometimes causes spilled
                  | blood to erupt in flames. [demonic ancestry]
  1599 | D:3      | Reached XP level 4. HP: 30/32 MP: 3/7
  2388 | D:2      | Found a faded altar of an unknown god.
  2910 | D:3      | Gained mutation: You are mostly covered in yellow scales.
                  | (AC +3) [demonic ancestry]
  2910 | D:3      | Reached XP level 5. HP: 37/37 MP: 4/8
  3213 | D:3      | Killed from afar by an orc priest

Illustrated notes

Levels and vault maps discovered:
D:1:      shiori_arrival_elements, layout_basic, hex_intersection
D:2:      layout_basic, hellmonk_ecumenical_altar_defaced_shrine
D:3:      layout_basic, chequers_serial_rivers_room_b, uniq_jessica

Skill      XL: |  1  2  3  4  5 |
---------------+----------------+-----
Stealth        | 2 3 |  3.0
Dodging        | 2 |  2.6
Fighting       | 1 |  1.7
Fire Magic     | 3 |  3.3
Conjurations   | 2 |  2.1
Spellcasting   | |  2.8

Action                     |  1- 3 |  4- 6 || total
---------------------------+-------+-------++-------
  Melee: Unarmed           |     4 |       ||     4
         Dagger            |    40 |    26 ||    66
         Punch             |       |     1 ||     1
   Cast: Foxfire           |    43 |    18 ||    61
         Scorch            |    11 |    30 ||    41
    Use: Scroll            |     4 |     1 ||     5
         Potion            |       |     1 ||     1
   Stab: Sleeping          |       |     2 ||     2
 Armour: Robe              |    32 |       ||    32
         Leather armour    |     4 |    30 ||    34
  Dodge: Dodged            |    68 |    49 ||   117

Table legend: (Time is in decaauts)
 A = Elapsed time spent in this place.
 B = Non-inter-level travel time spent in this place.
 C = Inter-level travel time spent in this place.
 D = Time resting spent in this place.
 E = Time spent auto-exploring this place.
 F = Levels seen in this place.
 G = Mean time per level.
                   A        B        C        D        E       F      G
               +--------+--------+--------+--------+--------+-----+--------+
         Total |   3229 |   3018 |    211 |      0 |   2414 |   3 | 1076.3 |
       Dungeon |   3229 |   3018 |    211 |      0 |   2414 |   3 | 1076.3 |
               +--------+--------+--------+--------+--------+-----+--------+

Top non-repeatable levels by time:
     D:2: 1508 daAuts
     D:1: 1179 daAuts
     D:3: 541 daAuts
